 Dungeon Crawl Stone Soup version 0.31.0-9-g3a7656b989 (webtiles) character file.

Game seed: 3437786045284317102

448 qw the Shooter (level 6, 0/30 HPs)
             Began as a Spriggan Hunter on Feb 2, 2024.
             Succumbed to a killer bee's poison
             ... on level 5 of the Dungeon.
             The game lasted 00:00:13 (2902 turns).

qw the Shooter (Spriggan Hunter)                    Turns: 2902, Time: 00:00:14

Health: 0/30       AC:  2    Str:  7    XL:     6   Next: 73%
Magic:  7/7        EV: 21    Int: 11    God:
Gold:   272        SH:  0    Dex: 20    Spells: 5/5 levels left

rFire   . . .        k - +1 orcbow (drain)
rCold   . . .        (shield currently unavailable)
rNeg    . . .        c - +0 robe
rPois   .            (helmet restricted)
rElec   .            (no cloak)
rCorr   .            (gloves unavailable)
SInv    +            (boots unavailable)
Will    +....        (no amulet)
Stlth   ++           (no ring)
HPRegen 0.25/turn    (no ring)
MPRegen 0.10/turn

%: no passive effects
@: lethally poisoned (0 -> -5), very quick
A: very small, no large weapons, unfitting armour, see invisible, speed 3
a: no special abilities


You were on level 5 of the Dungeon.
You visited 1 branch of the dungeon, and saw 5 of its levels.

You collected 272 gold pieces.


Innate Abilities, Weirdness & Mutations

You are very small and have problems with some larger weapons.
You are too small for most types of armour.
You have supernaturally acute eyesight. (SInv)
You cover ground extremely quickly. (Speed+++)


   Skills:
 - Level 2.0 Fighting
 + Level 6.8 Ranged Weapons
 - Level 6.0 Dodging
 - Level 1.5 Stealth


You had 5 spell levels left.
You didn't know any spells.
Your spell library was empty.

Inventory:

Hand Weapons
 k - a +1 orcbow of draining (weapon)
Armour
 c - a +0 robe (worn)
Wands
 a - a wand of paralysis (4)
 b - a wand of flame (6)
Potions
 d - a potion of cancellation
 e - 2 potions of might
 f - a potion of curing
 g - a potion of degeneration {unknown}
 h - a potion of mutation {unknown}
 i - a potion of invisibility {unknown}
 j - a potion of enlightenment

Dungeon Overview and Level Annotations

Branches:
Dungeon (5/15)
 Temple: D:4-7

Altars:
Elyvilon


Message History

You see here 2 poisoned darts.
h - a silvery potion You now have 272 gold pieces (gained 3).
You open the door.
There is an open door here.
Found a short sword.
You open the door.
There is an open door here. 2 killer bees come into view.
You hear a distant slurping noise.
You shoot an arrow. The arrow hits the killer bee!
The killer bee is almost dead.
You hear an angry buzzing noise.
A killer bee comes into view.
Enter note:
Enter note: You shoot an arrow.
The arrow misses the killer bee.
The killer bee buzzes angrily. x2
A killer bee comes into view. x2
You shoot an arrow. The arrow hits the killer bee!
You kill the killer bee!
A killer bee comes into view.
You shoot an arrow. The arrow hits the killer bee!
You drain the killer bee.
The killer bee is almost dead.
You shoot an arrow. The arrow misses the killer bee.
The killer bee stings you! The killer bee stings you.
The killer bee stings you! The killer bee completely misses you.
You shoot an arrow. The arrow barely misses the killer bee.
The arrow hits the killer bee!
You kill the killer bee!
The killer bee completely misses you. The killer bee stings you.
The killer bee completely misses you. The killer bee closely misses you.
You shoot an arrow. The arrow barely misses the killer bee.
The killer bee barely misses you.
The killer bee completely misses you. x2
The killer bee misses you. The killer bee barely misses you.
The killer bee stings you!
You are lethally poisoned!
The killer bee poisons you!
You shoot an arrow. The arrow misses the killer bee.
You die...

#......# #......#
.##......## #......#
........... #......#
.......... #......##
........#######y.......
###......##....#yy......
..#......##....#@y......
..#............#........
..#............'........
..#......##....#........
..###'#####....#........
#........#....#........
#(.......#)...#........
+........+....#........
#........#....#........


You could see 4 killer bees.

Vanquished Creatures
  A black bear (D:3)
  2 killer bees (D:5)
  An orc priest (D:5)
  3 orc wizards
  Robin (D:2)
  4 gnolls (D:4)
  3 adders
  2 ribbon worms
  9 orcs
  8 endoplasms
  2 giant cockroaches
  14 goblins
  11 hobgoblins
  7 kobolds
  6 quokkas
  3 ball pythons
  7 bats
  2 frilled lizards (D:1)
  3 rats
89 creatures vanquished.

Notes
Turn   | Place    | Note
-------+----------+-------------------------------------------
     0 | D:1      | qw the Spriggan Hunter began the quest for the Orb.
     0 | D:1      | Reached XP level 1. HP: 10/10 MP: 2/2
     0 | D:1      | 0 ||| qw: Version: 0.3-a-155-g5e7d8dd
     0 | D:1      | 0 ||| qw: Game counter: 2274
     0 | D:1      | 0 ||| qw: Melee chars always use a shield: true
     0 | D:1      | 0 ||| qw: God list: Okawaru
     0 | D:1      | 0 ||| qw: Allow faded altars: false
     0 | D:1      | 0 ||| qw: Do Orc after clearing Dungeon:15 true
     0 | D:1      | 0 ||| qw: Do second Lair branch before Depths: true
     0 | D:1      | 0 ||| qw: Lair rune preference: random
     0 | D:1      | 0 ||| qw: Goals: Normal
     0 | D:1      | 0 ||| PLANNING D:1-11
    52 | D:1      | Reached skill level 3 in Dodging
   156 | D:1      | Reached XP level 2. HP: 14/14 MP: 3/3
   718 | D:1      | 718 ||| DROPPING scarf of shadows.
   719 | D:1      | 719 ||| READING scroll labelled LYFIUTH YDAERCH.
   719 | D:1      | 719 ||| IDENTIFYING viscous green potion
   720 | D:1      | 720 ||| DROPPING scroll of butterflies.
   741 | D:2      | Reached XP level 3. HP: 18/18 MP: 4/4
   796 | D:2      | Noticed Robin
   797 | D:2      | 797 ||| FLEEEEING.
   798 | D:2      | 798 ||| FLEEEEING.
   807 | D:2      | Killed Robin
   808 | D:2      | 808 ||| FLEEEEING.
   809 | D:2      | 809 ||| FLEEEEING.
   810 | D:2      | 810 ||| FLEEEEING.
   811 | D:2      | 811 ||| FLEEEEING.
   812 | D:2      | 812 ||| FLEEEEING.
   813 | D:2      | 813 ||| FLEEEEING.
   816 | D:2      | 816 ||| FLEEEEING.
   817 | D:2      | 817 ||| FLEEEEING.
   818 | D:2      | 818 ||| FLEEEEING.
   819 | D:2      | 819 ||| FLEEEEING.
   820 | D:2      | 820 ||| FLEEEEING.
   821 | D:2      | 821 ||| FLEEEEING.
   822 | D:2      | 822 ||| FLEEEEING.
   823 | D:2      | 823 ||| FLEEEEING.
   824 | D:2      | 824 ||| FLEEEEING.
   825 | D:2      | 825 ||| FLEEEEING.
   826 | D:2      | 826 ||| STAIRDANCE
   862 | D:1      | 862 ||| READING scroll labelled NUL BOXOYPT.
   862 | D:1      | 862 ||| ENCHANTING +0 shortbow.
   888 | D:2      | 888 ||| STAIRDANCE
  1018 | D:2      | 1018 ||| READING scroll of enchant weapon.
  1018 | D:2      | 1018 ||| ENCHANTING +1 shortbow.
  1197 | D:2      | Reached XP level 4. HP: 22/22 MP: 5/5
  1314 | D:2      | 1314 ||| READING 2 scrolls of identify.
  1314 | D:2      | 1314 ||| IDENTIFYING smoky brown potion
  1315 | D:2      | 1315 ||| READING scroll of identify.
  1315 | D:2      | 1315 ||| IDENTIFYING bubbling grey potion
  1316 | D:2      | 1316 ||| DROPPING potion of lignification.
  1498 | D:3      | 1498 ||| DRINKING fizzy inky potion.
  1515 | D:3      | Reached XP level 5. HP: 12/26 MP: 6/6
  1703 | D:3      | Found a white marble altar of Elyvilon.
  1733 | D:3      | 1733 ||| SWAPPING to +0 orcbow.
  1734 | D:3      | 1734 ||| DROPPING +2 shortbow.
  1767 | D:3      | 1767 ||| READING scroll of enchant weapon.
  1767 | D:3      | 1767 ||| ENCHANTING +0 orcbow.
  1786 | D:3      | Noticed a black bear
  1789 | D:3      | HP: 4/26 [black bear (3)]
  1790 | D:3      | 1790 ||| DRINKING potion of heal wounds.
  1793 | D:3      | Killed a black bear
  2009 | D:3      | 2009 ||| READING scroll labelled BUOWIW PEKAFFAZ.
  2009 | D:3      | 2009 ||| BRANDING +1 orcbow.
  2010 | D:3      | 2010 ||| READING scroll labelled TERGHU SOEQONKAO.
  2170 | D:4      | 2170 ||| FLEEEEING.
  2172 | D:4      | 2172 ||| FLEEEEING.
  2173 | D:4      | 2173 ||| FLEEEEING.
  2175 | D:4      | 2175 ||| FLEEEEING.
  2183 | D:4      | Reached skill level 6 in Ranged Weapons
  2272 | D:4      | Reached XP level 6. HP: 30/30 MP: 7/7
  2318 | D:4      | 2318 ||| FLEEEEING.
  2319 | D:4      | 2319 ||| FLEEEEING.
  2321 | D:4      | 2321 ||| FLEEEEING.
  2327 | D:4      | 2327 ||| FLEEEEING.
  2328 | D:4      | 2328 ||| FLEEEEING.
  2329 | D:4      | 2329 ||| FLEEEEING.
  2330 | D:4      | 2330 ||| FLEEEEING.
  2331 | D:4      | 2331 ||| FLEEEEING.
  2332 | D:4      | 2332 ||| FLEEEEING.
  2333 | D:4      | 2333 ||| FLEEEEING.
  2334 | D:4      | 2334 ||| FLEEEEING.
  2335 | D:4      | 2335 ||| FLEEEEING.
  2339 | D:4      | 2339 ||| FLEEEEING.
  2340 | D:4      | 2340 ||| FLEEEEING.
  2341 | D:4      | 2341 ||| FLEEEEING.
  2342 | D:4      | 2342 ||| FLEEEEING.
  2343 | D:4      | 2343 ||| FLEEEEING.
  2344 | D:4      | 2344 ||| FLEEEEING.
  2345 | D:4      | 2345 ||| FLEEEEING.
  2346 | D:4      | 2346 ||| FLEEEEING.
  2349 | D:4      | 2349 ||| FLEEEEING.
  2350 | D:4      | 2350 ||| FLEEEEING.
  2352 | D:4      | 2352 ||| FLEEEEING.
  2353 | D:4      | 2353 ||| FLEEEEING.
  2354 | D:4      | 2354 ||| FLEEEEING.
  2389 | D:4      | Identified the +7 war axe of Urgency {freeze, rElec rF-
                  | Dex+7 Stlth+}
  2461 | D:4      | Reached skill level 6 in Dodging
  2738 | D:4      | 2738 ||| READING scroll of identify.
  2738 | D:4      | 2738 ||| IDENTIFYING green potion
  2739 | D:4      | 2739 ||| READING scroll labelled PEOT KIUNEDEAXT.
  2742 | D:4      | 2742 ||| DRINKING 2 white potions.
  2764 | D:5      | Entered Level 5 of the Dungeon
  2901 | D:5      | HP: 2/30 [killer bee (8)]
  2902 | D:5      | Succumbed to a killer bee's poison

Levels and vault maps discovered:
D:1:      shiori_arrival_maze, layout_basic
D:2:      layout_rooms, uniq_robin, uniq_crazy_yiuf_cottage
D:3:      layout_loops_ring, old_standard_altar, minmay_tree_intersection,
          chequers_jeans
D:4:      layout_loops_ring
D:5:      layout_gridville, mainiacjoe_overflow_brackets

Skill      XL: |  1  2  3  4  5  6 |
---------------+-------------------+-----
Dodging        | 3 4 5 6 |  6.0
Ranged Weapons | 5 6 |  6.8
Fighting       | 2 |  2.0
Stealth        | |  1.5

Action                     |  1- 3 |  4- 6 || total
---------------------------+-------+-------++-------
   Fire: Shortbow          |   136 |    46 ||   182
         Orcbow            |       |    61 ||    61
    Use: Scroll            |     3 |     7 ||    10
         Potion            |       |     3 ||     3
 Armour: Robe              |    10 |    27 ||    37
  Dodge: Dodged            |    51 |    55 ||   106

Table legend:
 A = Non-vault XP
 B = Vault XP
 C = Vault XP percentage of total XP
 D = Non-vault monster count
 E = Vault monster count
 F = Vault count percentage of total count
                 A         B        C        D         E       F
            +---------+---------+-------+---------+---------+-------
      Total |     604 |      36 |   5.6 |      76 |      13 |  14.6
            +---------+---------+-------+---------+---------+-------
        D:1 |      36 |       4 |  10.0 |      21 |       3 |  12.5
        D:2 |      37 |      32 |  46.4 |      14 |      10 |  41.7
        D:3 |     226 |       0 |   0.0 |      14 |       0 |   0.0
        D:4 |     130 |       0 |   0.0 |      19 |       0 |   0.0
        D:5 |     175 |       0 |   0.0 |       8 |       0 |   0.0
            +---------+---------+-------+---------+---------+-------
